 Dungeon Crawl Stone Soup version 0.32-a0-42-ga30500b4d3 (webtiles) character file.

Game seed: 9141264087243516897

8 cforsyth the Magician (level 2, -2/24 HPs)
             Began as a Djinni Reaver on Jan 28, 2024.
             Slain by a kobold
             ... wielding a +0 dagger
              (3 damage)
             ... on level 1 of the Dungeon.
             The game lasted 00:00:34 (726 turns).

cforsyth the Magician (Djinni Reaver)                Turns: 726, Time: 00:00:35

Health: -2/24      AC:  3    Str: 10 (11) XL:     2   Next: 15%
Gold:   47         EV: 11    Int: 12 (14) God:
                   SH:  0    Dex:  9 (11)

rFire   + + .        a - +0 short sword
rCold   x . .        (no shield)
rNeg    . . .        b - +0 leather armour
rPois   ∞            (no helmet)
rElec   .            (no cloak)
rCorr   .            (no gloves)
SInv    .            (boots unavailable)
Will    .....        (no amulet)
Stlth   +            (no ring)
HPRegen 0.24/turn    (no ring)
MPRegen 0.00/turn

%: infuse magic (-3 HP)
@: immotile, flying
A: sickness immunity, fire resistance 2, cold vulnerability 1, float, innate
caster, HP casting, extra vitality 1
a: no special abilities


You were on level 1 of the Dungeon.
You visited 1 branch of the dungeon, and saw 1 of its levels.

You collected 47 gold pieces.

Inventory:

Hand Weapons
 a - a +0 short sword (weapon)
Armour
 b - a +0 leather armour (worn)
Scrolls
 c - 2 scrolls of identify {unknown}
Potions
 e - a potion of curing {unknown}
 f - a potion of enlightenment {unknown}


   Skills:
 + Level 2.4 Fighting
 - Level 2.6 Short Blades
 - Level 2.1 Dodging
 + Level 3.1 Spellcasting
 + Level 3.1 Conjurations
 + Level 3.1 Hexes
 + Level 3.1 Summonings
 + Level 3.1 Necromancy
 + Level 3.1 Translocations
 + Level 3.1 Fire Magic
 + Level 3.1 Ice Magic
 + Level 3.1 Air Magic
 + Level 3.1 Earth Magic
 + Level 3.1 Alchemy


You knew the following spells:

 Your Spells              Type           Power      Damage    Failure   Level
a - Kiss of Death         Conj/Necr      36%        2d8       10%         1
b - Momentum Strike       Conj/Tloc      18%        3d8       14%         2
c - Hailstorm             Conj/Ice       9%         3d6       28%         3
Your spell library was empty.

Dungeon Overview and Level Annotations

Branches:
Dungeon (1/15)

Altars:


Innate Abilities, Weirdness & Mutations

You are immune to sickness and miasma.
You are immune to poison.
Your flesh is very heat resistant. (rF++)
You are vulnerable to cold. (rC-)
You float through the air rather than walking.
You learn spells naturally, not from books.
Your magical power is your life essence.
You have superior vitality. (+4 MHP)


Message History

The kobold attacks as it pursues you! The kobold hits you with a +0 dagger.
* * * LOW HITPOINT WARNING * * *
You closely miss the kobold. You hit the kobold.
The kobold is severely wounded.
A frilled lizard comes into view.
The kobold hits something with a +3 whip.
The kobold hits you but does no damage.
The frilled lizard hisses angrily.
You hit the kobold but do no damage.
The kobold is severely wounded.
The frilled lizard unfolds its giant frill.
The kobold hits something with a +3 whip!
The kobold hits you but does no damage.
You closely miss the kobold.
The kobold is severely wounded.
The kobold hits something but does no damage.
The kobold closely misses you.
You hit the kobold.
You kill the kobold!
The kobold hits something but does no damage.
Cast which spell? (? or * to list)
Aiming: Momentum Strike (safe; 12% risk of failure)
Press: ? - help, Dir - move target, f - kobold
Aim: a kobold, wielding a +3 whip (60% to hit)
The concentrated momentum hits the kobold!
You kill the kobold!
You are unable to move.
* * * LOW HITPOINT WARNING * * *
The kobold hits you with a +0 dagger.
* * * LOW HITPOINT WARNING * * *
You completely miss the kobold.
The frilled lizard bites something but does no damage.
The kobold barely misses you.
It was a potion of degeneration.
There was something very wrong with that liquid.
You feel weakened.
You feel dopey.
You feel clumsy.
The frilled lizard bites something but does no damage.
The kobold hits you with a +0 dagger.
You die...

#........#
#.#..........#
#.[......#
#.#..........#
#........#
#.#..........#
#.(......#
#............#
##########
####.........#
♣#P♣♣♣ #.........#
##...PPP#.........#
P....÷PP#........
÷...l.÷P#@#######
...§...lK.#
..(§....###
P...§÷### PP..~P
♣♣♣♣♣


You could see a kobold and a frilled lizard.

Vanquished Creatures
  An endoplasm (D:1)
  A goblin (D:1)
  A bat (D:1)
  A frilled lizard (D:1)
  4 kobolds (D:1)
  A rat (D:1)
9 creatures vanquished.

Notes
Turn   | Place    | Note
-------+----------+-------------------------------------------
     0 | D:1      | cforsyth the Djinni Reaver began the quest for the Orb.
     0 | D:1      | cforsyth set off with the following spells memorised: Kiss
                  | of Death, Momentum Strike, Hailstorm.
     0 | D:1      | Reached XP level 1. HP: 18/18 MP: 0/0
   718 | D:1      | Reached XP level 2. HP: 7/23 MP: 0/0
   724 | D:1      | HP: 1/23 [kobold/+0 dagger (3)]
   726 | D:1      | Slain by a kobold

Illustrated notes

Levels and vault maps discovered:
D:1:      saegor_arrival_simple_a, layout_basic, minmay_misc_feat_pillars,
          lexackson_kobold_supper

Skill      XL: |  1 |
---------------+----+-----
Spellcasting   | 3 |  3.1
Conjurations   | 3 |  3.1
Hexes          | 3 |  3.1
Summonings     | 3 |  3.1
Necromancy     | 3 |  3.1
Translocations | 3 |  3.1
Fire Magic     | 3 |  3.1
Ice Magic      | 3 |  3.1
Air Magic      | 3 |  3.1
Earth Magic    | 3 |  3.1
Alchemy        | 3 |  3.1
Fighting       | |  2.4
Short Blades   | |  2.6
Dodging        | |  2.1

Action                     || total
---------------------------++-------
  Melee: Short sword       ||    38
   Cast: Momentum Strike   ||     1
    Use: Potion            ||     1
 Armour: Leather armour    ||    23
  Dodge: Dodged            ||    22

Table legend: (Time is in decaauts)
 A = Elapsed time spent in this place.
 B = Non-inter-level travel time spent in this place.
 C = Inter-level travel time spent in this place.
 D = Time resting spent in this place.
 E = Time spent auto-exploring this place.
 F = Levels seen in this place.
 G = Mean time per level.
                   A        B        C        D        E       F      G
               +--------+--------+--------+--------+--------+-----+--------+
         Total |    721 |    721 |      0 |      0 |    650 |   1 |  721.0 |
       Dungeon |    721 |    721 |      0 |      0 |    650 |   1 |  721.0 |
               +--------+--------+--------+--------+--------+-----+--------+

Top non-repeatable levels by time:
     D:1: 721 daAuts
